 Dungeon Crawl Stone Soup version 0.19-a0-1540-g35a11b8 (webtiles) character file.

2531 MackTheKnife the Grappler (level 9, -2/87 (88) HPs)
             Began as a Troll Monk on Sept 14, 2016.
             Was an Elder of Okawaru.
             Slain by a red ugly thing (15 damage)
             ... on level 7 of the Dungeon.
             The game lasted 00:09:21 (4377 turns).

MackTheKnife the Grappler (Troll Monk)              Turns: 4377, Time: 00:09:22

HP:   -2/87 (88)    AC:  9    Str: 21    XL:     9   Next: 30%
MP:   6/8           EV: 19    Int:  6    God:    Okawaru [****..]
Gold: 445           SH:  0    Dex: 15    Spells: 0 memorised, 8 levels left

rFire  . . .     SeeInvis .       - Unarmed
rCold  . . .     Gourm    +     a - +0 robe
rNeg   . . .     Faith    .     (no shield)
rPois  .         Spirit   .     (helmet restricted)
rElec  .         Dismiss  .     (no cloak)
rCorr  .         Reflect  .     (gloves unavailable)
MR     .....     Harm     .     (boots unavailable)
Stlth  +++.......               (no amulet)
                                J - +3 ring of evasion
                                o - +4 ring of protection

@: about to teleport, heroism
A: unfitting armour, claws 3, fast metabolism 3, gourmand, regeneration 1,
shaggy fur 1, tough skin 2
a: Heroism, Renounce Religion


You were on level 7 of the Dungeon.
You worshipped Okawaru.
Okawaru was greatly pleased with you.
You were full.

You visited 1 branch of the dungeon, and saw 7 of its levels.

You collected 445 gold pieces.

Inventory:

Missiles
 m - a throwing net {=f, !d}
Armour
 a - a +0 robe (worn)
Jewellery
 l - an uncursed ring of poison resistance {rPois, !d}
   (You found it on level 2 of the Dungeon)
 o - a +4 ring of protection (left claw)
   (You found it on level 2 of the Dungeon)
 p - a +2 ring of evasion
   (You found it on level 4 of the Dungeon)
 s - an uncursed ring of protection from magic {MR+, !d}
   (You found it on level 3 of the Dungeon)
 v - an uncursed amulet of dismissal
   (You found it on level 4 of the Dungeon)
 J - a +3 ring of evasion (right claw)
   (You found it on level 7 of the Dungeon)
Wands
 y - a wand of acid (8/15)
   (You found it on level 6 of the Dungeon)
 E - a wand of slowing (27/48)
   (You found it on level 6 of the Dungeon)
Scrolls
 h - a scroll of blinking {!r}
 n - 4 scrolls of identify
 q - 3 scrolls of teleportation
 u - 4 scrolls of remove curse
 x - a scroll of amnesia
 F - a scroll of fear
 G - a scroll of enchant weapon {unknown}
 H - a scroll of magic mapping {!r}
Potions
 e - 2 potions of lignification {unknown}
 g - 2 potions of heal wounds
 j - a potion of haste
 k - 4 potions of curing
 r - 2 potions of degeneration {unknown}
 t - a potion of agility {unknown}
 w - a potion of might {unknown}
 z - a potion of berserk rage {!q}
 A - a potion of magic {unknown}
 C - a potion of resistance {unknown}
 D - 2 potions of flight {unknown}
Books
 I - a book of Frost
   (You found it on level 7 of the Dungeon)
Comestibles
 b - 8 bread rations {@e1}
 c - a meat ration {@e2}
 d - 5 fruits
 f - 3 beef jerkies
 i - 2 royal jellies
 B - 2 slices of pizza


   Skills:
 + Level 5.0(10.0) Fighting
 + Level 5.0(10.0) Dodging
 - Level 1.1(6.1) Stealth
 - Level 10.6(15.6) Unarmed Combat


You had 8 spell levels left.
You didn't know any spells.

Dungeon Overview and Level Annotations

Branches:
Dungeon (7/15)             Temple (0/1) D:4

Altars:
Dithmenos
Fedhas
Makhleb
Okawaru
Ru


Innate Abilities, Weirdness & Mutations

You are too large for most types of armour.
You have claws for hands.
Your metabolism is lightning-fast.
You like to eat raw meat.
Your natural rate of healing is unusually fast.
You are covered in fur. (AC +1)
You have very tough skin. (AC +2)


Message History

The worker ant bites you!
You take 7 damage, and have 79/86 hp.
You scratch the worker ant but do no damage.
The worker ant bites you but does no damage.
You mangle the worker ant!!
You kill the worker ant!
Okawaru accepts your kill.
You hear an angry hiss.
A giant gecko comes into view.
A hound zombie comes into view.
The giant gecko misses you. x2
You barely miss the giant gecko.
The giant gecko bites you but does no damage.
The orc priest shouts!
You mangle the giant gecko!!
You kill the giant gecko!
Okawaru accepts your kill.
You closely miss the hound zombie.
The hound zombie bites you but does no damage.
The orc shouts!
You mangle the hound zombie!!
You destroy the hound zombie!
Okawaru accepts your kill.
Your Fighting skill increases to level 5!
You hear a croak.
You hear an angry growl.
The orc priest calls down the wrath of Beogh upon you.
Pain shoots through your body!
A giant frog comes into view.
You take 10 damage, and have 73/87 hp.
The giant frog hits you.
The orc throws a tomahawk.
The tomahawk closely misses you.
A black bear comes into view.
You see here a tomahawk.
You take 2 damage, and have 71/87 hp.
You barely miss the giant frog. The giant frog hits you.
You take 2 damage, and have 69/87 hp.
A red ugly thing comes into view.
The giant frog hits you but does no damage.
The orc priest mumbles some strange prayers to Beogh against you.
You struggle to resist.
There is an open door here.
Unknown command.
You closely miss the orc priest. The giant frog hits you.
The orc priest completely misses you.
You take 3 damage, and have 66/87 hp.
The red ugly thing gurgles horribly!
You claw the orc priest!
The giant frog hits you but does no damage.
You barely miss the orc priest. The giant frog closely misses you.
The giant frog hits you but does no damage.
The orc priest zaps a wand.
The orc priest looks slightly unstable.
It is a wand of teleportation.
You scratch the orc priest but do no damage.
The giant frog hits you. The orc priest hits you with a scythe!
You take 12 damage, and have 55/87 hp.
You scratch the orc priest. Your claw misses the orc priest.
The giant frog hits you!
You take 7 damage, and have 48/87 hp.
You scratch the orc priest.
You kill the orc priest!
Okawaru accepts your kill.
Your Dodging skill increases to level 5!
The giant frog misses you.
The orc throws a tomahawk.
The tomahawk closely misses you.
The tomahawk closely misses the black bear.
The black bear bites you. The black bear barely misses you.
The black bear closely misses you. The giant frog closely misses you.
Unknown command.
Unknown command.
The giant frog hits you.
You take 1 damage, and have 48/87 hp.
You gain the combat prowess of a mighty hero.
The giant frog hits you but does no damage.
You now have 6/8 mp.
You barely miss the red ugly thing. Your claw misses the red ugly thing.
The orc wizard gestures wildly while chanting.
The orc wizard flickers and vanishes!
Deactivating autopickup; reactivate with Ctrl-A.
You scratch the red ugly thing. The red ugly thing barely misses you.
You claw the red ugly thing! You claw the red ugly thing.
You scratch the red ugly thing but do no damage.
The red ugly thing claws you but does no damage.
You barely miss the red ugly thing. You claw the red ugly thing.
The red ugly thing claws you but does no damage.
You scratch the red ugly thing. Your claw misses the red ugly thing.
You barely miss the red ugly thing. The red ugly thing claws you!
You are engulfed in flames!!
* * * LOW HITPOINT WARNING * * *
You take 31 damage, and have 21/87 hp.
MASSIVE DAMAGE!!
Really quaff
z - a potion of berserk rage {!q}?
Okay, then.
Unknown command.
Unknown command.
As you read the scroll of teleportation, it crumbles to dust.
You feel strangely unstable. The red ugly thing claws you!
* * * LOW HITPOINT WARNING * * *
You are engulfed in flames!
You die...

......#.. #.. #.. #....#
. ......#..# ..##
####..###....##. ......#
#.. #.. h.# #.#....(.#.
......# ..##..##..
##)..##.... ......#. #..
#..# #..###.... ......#..
#..##..### #...###...
#####.# #. #(.##..#
#...##..). ......#
#..##.F##..######......#.
......# #...(.hu@.....#
##..).##. ......#
#####o#######.# ##....##.
......# #)# #.###......#.
......# ... #.##...##....
......# #...#
#..'..###.... ......#
..... ####...###...
..†...# ###o###
#...##.^.. ......# ...
##......#. ......# ...
##....##.


You could see a red ugly thing, a black bear, a giant frog and an orc.

Vanquished Creatures
  Grinder (D:5)
  Eustachio (D:5)
  2 hippogriffs (D:7)
  A hungry ghost (D:7)
  Menkaure (D:5)
  An orc warrior (D:7)
  A necrophage (D:6)
  3 ogres
  A phantom (D:7)
  A centaur (D:6)
  2 giant frogs (D:6)
  2 scorpions
  2 howler monkeys
  2 crimson imps (D:6)
  2 giant frog skeletons
  3 orc priests
  3 hounds
  An orc wizard (D:6)
  Terence (D:3)
  5 worker ants
  2 hound skeletons (D:4)
  A hound zombie (D:7)
  5 gnolls (D:6)
  6 adders
  A shadow imp (D:6)
  An adder skeleton (D:5)
  A worm (D:3)
  7 dart slugs
  10 giant geckos
  16 orcs
  4 giant cockroaches
  10 goblins
  17 hobgoblins
  8 jackals
  14 kobolds
  A quokka (D:5)
  6 bats
  11 giant newts
  A jackal zombie (D:7)
  9 rats
167 creatures vanquished.

Vanquished Creatures (others)
  A fungus (D:6)
1 creature vanquished.

Grand Total: 168 creatures vanquished

Notes
Turn   | Place    | Note
-------+----------+-------------------------------------------
     0 | D:1      | MackTheKnife the Troll Monk began the quest for the Orb.
     0 | D:1      | Reached XP level 1. HP: 22/22 MP: 0/0
   161 | D:1      | Found an iron altar of Okawaru.
   196 | D:1      | Became a worshipper of Warmaster Okawaru
   196 | D:1      | Reached * piety under Okawaru
   196 | D:1      | Reached ** piety under Okawaru
   236 | D:1      | Reached XP level 2. HP: 28/29 MP: 1/1
   379 | D:1      | Reached skill level 4 in Unarmed Combat
   625 | D:1      | Reached XP level 3. HP: 36/36 MP: 2/2
   808 | D:2      | Found a faded altar of an unknown god.
  1025 | D:2      | Reached XP level 4. HP: 44/44 MP: 3/3
  1079 | D:2      | Reached skill level 5 in Unarmed Combat
  1433 | D:3      | Found a blossoming altar of Fedhas.
  1766 | D:3      | Noticed Terence
  1773 | D:3      | Killed Terence
  1773 | D:3      | Reached XP level 5. HP: 45/50 MP: 4/4
  1818 | D:4      | Reached skill level 6 in Unarmed Combat
  1869 | D:4      | Reached XP level 6. HP: 54/59 MP: 5/5
  1877 | D:4      | Reached skill level 7 in Unarmed Combat
  1889 | D:4      | HP: 13/59 [ogre/giant club (14)]
  1890 | D:4      | HP: 5/59 [worker ant (7)]
  1898 | D:4      | HP: 5/59 [poisoned by a worker ant]
  2046 | D:4      | Found a staircase to the Ecumenical Temple.
  2235 | D:4      | Reached *** piety under Okawaru
  2235 | D:4      | Reached skill level 8 in Unarmed Combat
  2504 | D:5      | Entered Level 5 of the Dungeon
  2593 | D:5      | Reached XP level 7. HP: 60/66 MP: 6/6
  2947 | D:5      | Noticed Menkaure
  2955 | D:5      | Killed Menkaure
  2965 | D:5      | Noticed Eustachio
  2973 | D:5      | Killed Eustachio
  2973 | D:5      | Reached skill level 9 in Unarmed Combat
  3120 | D:5      | Noticed Grinder
  3135 | D:5      | Killed Grinder
  3135 | D:5      | Reached XP level 8. HP: 70/74 MP: 4/7
  3244 | D:6      | Reached skill level 10 in Unarmed Combat
  3504 | D:6      | Reached **** piety under Okawaru
  3504 | D:6      | Reached skill level 3 in Fighting
  3504 | D:6      | Reached skill level 3 in Dodging
  3778 | D:6      | Found a shadowy altar of Dithmenos.
  3781 | D:6      | Found a burning altar of Makhleb.
  3884 | D:6      | manchild: get'em boy !
  3916 | D:6      | MackTheKnife: tab-o-rama
  3916 | D:6      | MackTheKnife: sometimes you just want to otab
  4056 | D:7      | Reached skill level 4 in Dodging
  4120 | D:7      | Reached skill level 4 in Fighting
  4234 | D:7      | Found a sacrificial altar of Ru.
  4257 | D:7      | Reached XP level 9. HP: 83/83 MP: 8/8
  4356 | D:7      | Reached skill level 5 in Fighting
  4359 | D:7      | Noticed a red ugly thing
  4365 | D:7      | Reached skill level 5 in Dodging
  4376 | D:7      | HP: 21/87 [red ugly thing (18)]
  4377 | D:7      | Slain by a red ugly thing

Vault maps used:
D:1:      minmay_arrival_widening_spiral_wide, okawaru_ov_weapons_minmay
D:2:      ecumenical_altar_2
D:3:      fedhas_altar_1, uniq_terence
D:5:      first_bread, uniq_eustachio, uniq_grinder, uniq_menkaure
D:6:      corexii_shantytown, nicolae_overflow_hidden_temple,
          minmay_gold_behind_fungi
D:7:      wad_guarded_room, general_overflow_altar, uniq_crazy_yiuf_cottage

Skill      XL: |  1  2  3  4  5  6  7  8  9 |
---------------+----------------------------+-----
Unarmed Combat | 4 5 6 8 9 10 | 10.6
Fighting       | 4 5 |  5.0
Dodging        | 4 5 |  5.0
Stealth        | |  1.1

Action                   |  1- 3 |  4- 6 |  7- 9 || total
-------------------------+-------+-------+-------++-------
Melee: Unarmed           |   115 |   140 |   218 ||   473
       Punch             |     3 |     3 |    11 ||    17
Throw: Tomahawk          |       |     2 |       ||     2
Invok: Heroism           |       |       |     5 ||     5
  Use: Scroll            |       |    10 |     2 ||    12
       Potion            |       |       |     1 ||     1
 Stab: Sleeping          |     1 |       |     1 ||     2
  Eat: Chunk             |    15 |    12 |    20 ||    47
Armor: Robe              |    65 |    56 |    66 ||   187
Dodge: Dodged            |    66 |    54 |   120 ||   240

Vault maps used:
D:1:      minmay_arrival_widening_spiral_wide, okawaru_ov_weapons_minmay
D:2:      ecumenical_altar_2
D:3:      fedhas_altar_1, uniq_terence
D:5:      first_bread, uniq_eustachio, uniq_grinder, uniq_menkaure
D:6:      corexii_shantytown, nicolae_overflow_hidden_temple,
          minmay_gold_behind_fungi
D:7:      wad_guarded_room, general_overflow_altar, uniq_crazy_yiuf_cottage

Table legend:
 A = Turns spent in this place as a percentage of turns spent in the entire game.
 B = Non-inter-level travel turns spent in this place as a percentage of non-inter-level travel turns spent in the entire game.
 C = Inter-level travel turns spent in this place as a percentage of turns spent in this place.
 D = Turns resting spent in this place as a percentage of non-inter-level travel turns spent in this place.
 E = Turns spent auto-exploring this place as a percentage of non-inter-level travel turns spent in this place.
 F = Non-inter-level travel turns spent in this place divided by the number of levels of this place that you've seen.
                   A       B       C       D       E      F
               +-------+-------+-------+-------+-------+----------------------
         Total | 100.0 | 100.0 |   0.4 |   0.8 |  10.1 | 226.9
       Dungeon | 100.0 | 100.0 |   0.4 |   0.8 |  10.1 | 226.9
               +-------+-------+-------+-------+-------+----------------------

Table legend:
 A = Kills in this place as a percentage of kills in entire the game.
 B = Kills by you in this place as a percentage of kills by you in the entire game.
 C = Kills by friends in this place as a percentage of kills by friends in the entire game.
 D = Other kills in this place as a percentage of other kills in the entire game.
 E = Experience gained in this place as a percentage of experience gained in the entire game.
 F = Experience gained in this place divided by the number of levels of this place that you have seen.
                   A       B       C       D       E      F
               +-------+-------+-------+-------+-------+----------------------
         Total | 100.0 | 100.0 |  -nan |  -nan | 100.0 | 516.7
       Dungeon | 100.0 | 100.0 |  -nan |  -nan | 100.0 | 516.7
               +-------+-------+-------+-------+-------+----------------------
